 Dungeon Crawl Stone Soup version 0.31.0-32-g396128a36d (webtiles) character file.

Game seed: 6605109647815905998

5905 Logoto the Cleaver (level 10, -2/90 HPs)
             Began as a Minotaur Berserker on Apr 10, 2024.
             Was a High Priest of Trog.
             Slain by a troll (8 damage)
             ... on level 9 of the Dungeon.
             The game lasted 00:23:45 (9354 turns).

Logoto the Cleaver (Minotaur Berserker)             Turns: 9354, Time: 00:23:46

Health: -2/90      AC: 17    Str: 33    XL:     10   Next: 53%
Magic:  9/9        EV:  9    Int:  4    God:    Trog [*****.]
Gold:   461        SH:  0    Dex:  9    Spells: 9/9 levels left

rFire   . . .        v - +3 battleaxe
rCold   . . .        (shield currently unavailable)
rNeg    . . .        k - +0 plate armour
rPois   .            (helmet restricted)
rElec   .            (no cloak)
rCorr   .            p - +0 pair of gloves
SInv    .            j - +0 pair of boots
Will    .....        (no amulet) Stlth
                     e - +6 ring of strength
HPRegen 0.35/turn    (no ring)
MPRegen 0.11/turn

%: no passive effects
@: lethally poisoned (-2 -> -4), on berserk cooldown, slowed, very slow
A: horns 2, retaliatory headbutt
a: Renounce Religion, Berserk, Trog's Hand, Brothers in Arms


You were on level 9 of the Dungeon.
You worshipped Trog.
Trog was extremely pleased with you.
You visited 1 branch of the dungeon, and saw 9 of its levels.
You also visited: Sewer and Bailey.

You collected 487 gold pieces.
You spent 26 gold pieces at shops.

Inventory:

Hand Weapons
 s - a +2 hand axe of electrocution
 v - a +3 battleaxe (weapon)
Missiles
 m - 5 curare-tipped darts (quivered)
Armour
 j - a +0 pair of boots (worn)
 k - a +0 plate armour (worn)
 p - a +0 pair of gloves (worn)
Jewellery
 e - a +6 ring of strength (left hand)
Wands
 i - a wand of paralysis (8)
 w - a wand of mindburst (17)
 x - a wand of iceblast (10)
 G - a wand of flame (1)
Scrolls
 a - a scroll of amnesia {unknown}
 d - 2 scrolls of fear {unknown}
 g - a scroll of revelation
 h - a scroll of silence {unknown}
 l - 2 scrolls of brand weapon {unknown}
 n - a scroll of blinking {unknown}
 o - 2 scrolls of enchant weapon
 q - 4 scrolls of teleportation
 r - a scroll of torment {unknown}
 u - a scroll of fog {unknown}
 y - a scroll of immolation
 A - a scroll of poison
 E - a scroll of vulnerability
 F - a scroll of identify
Potions
 b - 4 potions of resistance
 c - 4 potions of heal wounds
 f - 4 potions of enlightenment
 t - 5 potions of cancellation {unknown}
 z - 2 potions of curing
 B - 3 potions of mutation
 C - 3 potions of haste {unknown}
 D - 2 potions of magic {unknown}


   Skills:
 * Level 8.9 Fighting
 * Level 13.7 Axes
 * Level 10.5 Armour
 + Level 3.4 Dodging
 + Level 1.0 Stealth


You had 9 spell levels left.
You didn't know any spells.
Your spell library was empty.

Dungeon Overview and Level Annotations

Branches:
Dungeon (9/15)             Temple (0/1) D:6           Sewer (visited)
 Bailey (visited)
   Lair: D:8-11         Orc: D:9-12

Altars:
Cheibriados
Gozag
Okawaru
Qazlal
Ru
Sif Muna
Trog
Uskayaw
Vehumet
Xom
Yredelemnul

Shops:
D:2 =   D:3 =   D:5 =?*(

Annotations:
D:8 3 runed translucent doors
D:9 exclusion: ice statue


Innate Abilities, Weirdness & Mutations

You have a pair of horns on your head.
You reflexively headbutt those who attack you in melee.


Message History

You feel a strong urge to attack something.
You are no longer berserk.
You are exhausted.
You feel yourself slow down. The killer bee stings you.
The killer bee attacks as it pursues you!
The killer bee stings you.
You are poisoned.
The killer bee poisons you! The killer bee stings you.
The killer bee stings you but does no damage.
A troll comes into view.
You feel very sick.
The troll shouts!
The killer bee attacks as it pursues you!
The killer bee stings you but does no damage.
The killer bee stings you.
You are more poisoned.
The killer bee poisons you!
The killer bee stings you but does no damage.
You feel very sick. The killer bee barely misses you. x2
There is an open door here.
You feel very sick. The killer bee stings you.
The killer bee stings you but does no damage.
The troll barely misses you. The troll claws you but does no damage.
The troll closely misses you.
You feel sick.
The killer bee stings you but does no damage.
The troll bites you but does no damage. The troll claws you but does no damage.
The troll claws you. The killer bee misses you. You furiously retaliate!
You headbutt the killer bee!
You feel sick. The killer bee barely misses you. The killer bee stings you.
* * * LOW HITPOINT WARNING * * *
The troll bites you!
* * * LOW HITPOINT WARNING * * *
The troll claws you but does no damage. The troll claws you!
* * * LOW HITPOINT WARNING * * *
You feel sick. The killer bee barely misses you.
The troll bites you but does no damage. The troll claws you!
You die...

##'## ##o# ##...## #yy#
##.....## #†##
##.......## ##.##
###........[####.o.######
..'.........oy.o.........
#......y..####...######
##.....T.## ##..#
##..<@y## ##.# ##...## .#
##'## .# #.# .# #.# ##.##
##...## #.....#
#####...##.##


You could see a troll, 3 killer bees and an orc.

Vanquished Creatures
  Pikel (D:6)
  An orc knight (Bailey)
  A komodo dragon (D:9)
  Grinder (D:6)
  A hornet (D:9)
  Sigmund (D:4)
  A wyvern (D:8)
  A water moccasin (D:8)
  2 orc warriors
  An ice beast (D:7)
  A sky beast (D:6)
  An ogre (D:7)
  3 centaurs
  4 lemures
  A phantom (D:4)
  Blork the orc (D:5)
  A brain worm (Sewer)
  A scorpion (D:5)
  17 wights
  17 killer bees
  2 hounds
  7 orc priests
  2 bombardier beetles
  4 jellies
  4 iguanas
  17 orc wizards
  11 gnolls
  9 adders
  2 river rats (Sewer)
  2 white imps
  2 ufetubi (D:7)
  3 dart slugs
  3 ribbon worms
  41 orcs
  14 ball pythons
  5 endoplasms
  6 giant cockroaches
  7 goblins
  7 hobgoblins
  9 jackals
  5 kobolds
  10 quokkas
  11 bats
  6 frilled lizards
  9 rats
256 creatures vanquished.

Vanquished Creatures (others)
  A goblin (D:4)
1 creature vanquished.

Grand Total: 257 creatures vanquished

Notes
Turn   | Place    | Note
-------+----------+-------------------------------------------
     0 | D:1      | Logoto the Minotaur Berserker began the quest for the Orb.
     0 | D:1      | Reached XP level 1. HP: 19/19 MP: 0/0
    66 | D:1      | Reached XP level 2. HP: 23/27 MP: 1/1
    71 | D:1      | Reached skill level 4 in Axes
   263 | D:1      | Reached ** piety under Trog
   279 | D:1      | Reached XP level 3. HP: 33/33 MP: 2/2
   652 | D:2      | Found a snail-covered altar of Cheibriados.
   829 | D:2      | Found Zesomeifre's Jewellery Emporium.
  1210 | D:3      | Reached skill level 5 in Axes
  1210 | D:3      | Reached XP level 4. HP: 21/41 MP: 3/3
  1482 | D:3      | Found Ippif's Jewellery Shop.
  1512 | D:3      | Reached XP level 5. HP: 46/47 MP: 4/4
  1745 | D:3      | Reached skill level 6 in Axes
  2385 | D:4      | Noticed a phantom
  2391 | D:4      | Killed a phantom
  2392 | D:4      | Reached skill level 5 in Fighting
  2466 | D:4      | Reached XP level 6. HP: 56/56 MP: 5/5
  2577 | D:4      | Noticed Sigmund
  2582 | D:4      | Killed Sigmund
  2583 | D:4      | Reached skill level 7 in Axes
  2632 | D:4      | Reached XP level 7. HP: 38/61 MP: 6/6
  2632 | D:4      | Reached *** piety under Trog
  2961 | D:4      | Found a glowing drain.
  2965 | Sewer    | Entered a sewer
  3231 | Sewer    | Reached skill level 8 in Axes
  3283 | Sewer    | Reached skill level 5 in Armour
  4138 | D:5      | Entered Level 5 of the Dungeon
  4244 | D:5      | Found Qiugui Owiku's Assorted Antiques.
  4533 | D:5      | Noticed Blork the orc
  4538 | D:5      | Killed Blork the orc
  4541 | D:5      | Found Demoaxzejap's Jewellery Boutique.
  4562 | D:5      | Reached XP level 8. HP: 70/70 MP: 7/7
  4639 | D:5      | Found a hide-covered altar of Uskayaw.
  4639 | D:5      | Found a stormy altar of Qazlal.
  4674 | D:5      | Found Feoh's Magic Scroll Emporium.
  4682 | D:5      | Bought a scroll of identify for 26 gold pieces
  5012 | D:5      | Found Ramenwi's Weapon Shoppe.
  5136 | D:6      | Reached skill level 9 in Axes
  5136 | D:6      | Found a staircase to the Ecumenical Temple.
  5170 | D:6      | Noticed Pikel
  5223 | D:6      | Killed Pikel
  5514 | D:6      | Noticed Grinder
  5521 | D:6      | Paralysed by Grinder for 3 turns
  5529 | D:6      | Killed Grinder
  5530 | D:6      | Reached skill level 10 in Axes
  5655 | D:6      | Found a sacrificial altar of Ru.
  5817 | D:7      | Found a basalt altar of Yredelemnul.
  5854 | D:7      | Reached XP level 9. HP: 79/79 MP: 8/8
  5900 | D:7      | Found a radiant altar of Vehumet.
  5901 | D:7      | Found a snail-covered altar of Cheibriados.
  5922 | D:7      | Reached **** piety under Trog
  5947 | D:7      | Found a shimmering altar of Xom.
  6037 | D:7      | Found an opulent altar of Gozag.
  6364 | D:7      | Reached skill level 11 in Axes
  6714 | D:8      | Paralysed by an orc for 4 turns
  6811 | D:8      | Reached skill level 12 in Axes
  7237 | D:8      | Found a bloodstained altar of Trog.
  7242 | D:8      | Found a shimmering blue altar of Sif Muna.
  7269 | D:8      | Reached XP level 10. HP: 86/86 MP: 9/9
  7658 | D:8      | Reached skill level 13 in Axes
  7684 | D:8      | Found an iron altar of Okawaru.
  7760 | D:8      | Found a runed translucent gate.
  7761 | D:8      | Found a runed translucent gate.
  7761 | D:8      | Found a runed translucent gate.
  7762 | D:8      | Noticed a green ugly thing
  7762 | D:8      | Noticed a cyan ugly thing
  7763 | D:8      | Noticed a green ugly thing
  7763 | D:8      | Noticed a glowing orange brain
  7994 | D:8      | Reached skill level 1 in Stealth
  8063 | D:9      | Found a flagged portal.
  8145 | Bailey   | Entered a bailey
  8359 | Bailey   | Reached skill level 10 in Armour
  8370 | Bailey   | Noticed an orc knight
  8382 | Bailey   | Killed an orc knight
  8387 | Bailey   | Reached ***** piety under Trog
  8960 | D:9      | Noticed an ice statue
  9354 | D:9      | Slain by a troll

Illustrated notes

Levels and vault maps discovered:
D:1:      ebering_trefoil_twist, layout_basic, minmay_hexomino_f4
D:2:      layout_basic, basic_altar, serial_shops, nicolae_shop_hallway_plus,
          minmay_close_crescents
D:3:      layout_loops_corners, serial_shops, nicolae_shop_getting_attention,
          hangedman_feature_mirror, kennysheep_cluttered_room
D:4:      cheibrodos_pilgrimage, layout_basic,
          mainiacjoe_sewer_entry_somewhere_in_here_1, uniq_sigmund
D:5:      layout_loops_corners, minitemple, serial_shops,
          nicolae_shop_tiny_statue_garden, shop, nicolae_shop_scrapyard, shop,
          kennysheep_pointless_box, uniq_blork_the_orc
D:6:      layout_rooms, nicolae_ru_the_path_less_chosen,
          minmay_temple_entry_mist, kennysheep_generic_room_8, uniq_grinder,
          uniq_pikel
D:7:      layout_basic, kennysheep_mini, grunt_temple_overflow_open
D:8:      layout_basic, hellmonk_overflow_destroyed_library,
          kennysheep_okawaru_gauntlet,
          ploomutoo_gammafunk_ghost_potion_laboratory
D:9:      lemuel_ice_statue, layout_loops_corners, enter_bailey_4, serial_shops,
          shop, minmay_nine_imps

Skill      XL: |  1  2  3  4  5  6  7  8  9 10 |
---------------+-------------------------------+-----
Fighting       | 4 5 7 8 |  8.9
Axes           | 4 5 6 7 8 10 12 13 | 13.7
Armour         | 3 4 6 8 9 10 | 10.5
Dodging        | 3 |  3.4
Stealth        | 1 |  1.0

Action                     |  1- 3 |  4- 6 |  7- 9 | 10-12 || total
---------------------------+-------+-------+-------+-------++-------
  Melee: Hand axe          |    78 |    89 |   189 |       ||   356
         Headbutt          |     8 |    16 |    32 |    20 ||    76
         Punch             |       |     1 |     2 |       ||     3
         Battleaxe         |       |       |    80 |   114 ||   194
 Invoke: Berserk           |     1 |     4 |     9 |     3 ||    17
    Use: Scroll            |     1 |     2 |     8 |       ||    11
         Potion            |       |       |     2 |       ||     2
 Armour: Animal skin       |    19 |       |       |       ||    19
         Plate armour      |    30 |    70 |   300 |   144 ||   544
  Dodge: Dodged            |    51 |    32 |   140 |    71 ||   294
